Fishman, chaotic female elven Wizard ---- - - ---..-- |.--.---.....----- --.....|..........--- --- --- |...<.--.....----...| --.-- ----.---- --...-|.....-----...| .....-----.....|.--- -...--.---- |.....--- ...................| ---- |.......| -...)..-- .....-------.......-----.)-----.....--| --......| ......| |.................^........--- --.%...| ....-| |......------....-#--.().....-- --....| --..-- ---......| --....| |.........| |..--- ---.--- --.....---..-..-- --.--.--.-- --.--- |.a.-- --.....|.......-- --------- |...| --.@.-- |.............%-- ---.--- ---..| --..|...^.%)...-- |...-- |..| -----.--......>| --...| ---- ------.....| --.-- ----.-- --- --- Fishman the Conjurer Experience level: 3 Strength: 9 Dexterity: 15 Constitution: 16 Intelligence: 15 Wisdom: 12 Charisma: 7 Health: 0(31) Energy: 45(49) Def: 11 Gold: 130 Moves: 6724 Dungeon seed: VacTrY_4hpRqVJrd Game ID: Fishman_1514269549 Your Inventory: Coins $ - 130 gold pieces Weapons g - an uncursed +0 dagger of stealth (weapon in hand) p - 10 cursed -1 thirsty darts y - 14 uncursed +0 daggers (in quiver) B - 2 uncursed +0 elven daggers J - an uncursed +0 nasty dagger Armor e - an uncursed +0 cloak of magic resistance (being worn) q - an uncursed +0 studded leather armor (being worn) x - an uncursed +0 pair of iron shoes (being worn) z - a blessed +1 orcish helm (being worn) Comestibles u - an uncursed tripe ration O - 3 uncursed food rations T - an uncursed lembas wafer Scrolls t - a blessed scroll of blank paper v - an uncursed scroll of blank paper M - a cursed scroll of teleportation Wands b - an uncursed wand of striking (0:6) D - an uncursed wand of create monster (0:4) H - an uncursed wand of digging (0:5) I - an uncursed wand of make invisible (0:2) L - an uncursed wand of teleportation (0:4) Tools h - an uncursed blindfold k - an uncursed skeleton key w - a blessed tallow candle (0:200) A - an uncursed tin whistle G - an uncursed brass lantern (lit) (0:1149) P - a blessed oil lamp (0:1324) Gems n - an uncursed garnet stone r - 2 uncursed worthless pieces of white glass N - an uncursed worthless piece of yellowish brown glass Y - an uncursed agate stone Spells and supernatural/magical abilities: Spells marked with '*' are forgotten. Spells marked with '!' are maintained. Spells marked with '#' are aliased with 'castalias'. Name Level Category Fail Memory a - force bolt 1 attack 19% 89% n - detect monsters 1 divination 19% 92% W - pray for help -- divine ? -- Your skills at the end: Fighting Skills wands [Basic] Weapon Skills dagger [Basic] quarterstaff [Basic] Spellcasting Skills attack spells [Basic] enchantment spells [Basic] Final Attributes: You were magic resistant. You saw invisible. You had infravision. You were stealthy. You were protected. You last prayed 1009 turns ago. You are dead. Vanquished creatures: a large mimic a leprechaun 2 dwarf lords 3 soldier ants a water nymph 2 rock piercers 2 rock moles a fog cloud 9 gnome lords 2 gnomish wizards a guardian naga hatchling a gray ooze 2 straw golems a paper golem 10 giant ants 11 dwarves a kobold shaman 12 hill orcs a rothe a giant bat a werejackal an iguana an acid blob a coyote 2 gas spores 7 hobbits 4 large kobolds 4 hobgoblins 4 cave spiders 2 yellow molds a red mold 37 gnomes 9 garter snakes 6 geckos 6 jackals a fox 3 kobolds 2 goblins 6 grid bugs 9 bats 6 lichens a kobold zombie 8 newts 187 creatures vanquished. Voluntary challenges: You used a wielded weapon 39 times, starting on turn 31. You read items or engraved 230 times, starting on turn 3. You never genocided any monsters. You never polymorphed an object. You never changed form. You used no wishes. You never split a pudding. You wrote Elbereth's name 216 times, starting on turn 3. You never violated your personal moral code. Dungeon overview: The Dungeons of Doom: levels 1 to 5 Level 1 an altar to Anhur, a vault a long staircase Level 2 a general store, an altar to Thoth, a fountain, a vault Level 3 a fountain, a vault Level 4 stairs to The Gnomish Mines Level 5 The Gnomish Mines: levels 5 to 10 Level 5 stairs to The Dungeons of Doom Level 6 Level 7 (got 3p) many shops, a temple to Thoth, some fountains Level 8 Level 9 <- You were here Level 10 History has recorded: On T:1 you entered the Dungeons of Doom to retrieve the Amulet of Yendor! On T:102 you reached level 2 of The Dungeons of Doom. On T:759 you reached level 3 of The Dungeons of Doom. On T:854 you reached level 4 of The Dungeons of Doom. On T:1006 you reached level 5 of The Dungeons of Doom. On T:1060 you reached level 1 of The Gnomish Mines. On T:1139 you reached level 2 of The Gnomish Mines. On T:1674 you reached level 3 of The Gnomish Mines. On T:5309 you reached level 4 of The Gnomish Mines. On T:5732 you advanced to experience level 2. On T:5849 you advanced to experience level 3. On T:6224 you reached level 5 of The Gnomish Mines. On T:6540 you reached level 6 of The Gnomish Mines. Score breakdown: Gold: 130 ( 7202 points) Experience: 3 levels ( 7878 points) Exploration: 10 levels ( 20.00%) (12857 points) Discoveries: 31 items ( 10.80%) ( 9859 points) Valuables value: (no points given unless you survive) Artifact value: 0 ( 0 points) Variety of kills: 43 monsters ( 11.32%) (10091 points) Turncount: 6724 turns (-1792 points) Survival: died (score multiplied by 80%) Total score: 36876 Latest messages: Please move the cursor to an unknown object. Never mind. You write in the dust with your fingers. The soldier ant turns to flee! You add to the writing in the dust with your fingers. (5x) You write in the dust with your fingers. The soldier ant turns to flee! You add to the writing in the dust with your fingers. (2x) You displace your large cat. The force bolt hits the soldier ant! You hear some noises in the distance. The soldier ant bites! The soldier ant stings! You write in the dust with your fingers. The soldier ant bites! The soldier ant stings! The soldier ant bites! You die... For some reason, you think that you can almost hear the Wizard laugh manically... Final status: Goodbye Fishman the Wizard, killed by a soldier ant... You died in The Gnomish Mines on dungeon level 9 with 36876 points, and 130 pieces of gold, after 6724 moves. You were level 3 with a maximum of 31 hit points when you died.